 Dungeon Crawl Stone Soup version 0.28.0 (webtiles) character file.

Game seed: 5558707703499172331

32 psuckher the Sneak (level 3, 0/36 HPs)
             Began as a Troll Delver on Feb 16, 2022.
             Slain by Ijyb (5 damage)
             ... on level 4 of the Dungeon.
             The game lasted 00:00:37 (102 turns).

psuckher the Sneak (Troll Delver)                    Turns: 102, Time: 00:00:37

Health: 0/36       AC:  4    Str: 22    XL:     3   Next: 8%
Magic:  2/2        EV:  9    Int:  6    God:
Gold:   0          SH:  0    Dex: 11    Spells: 2/2 levels left

rFire   . . .      SeeInvis .     - Unarmed
rCold   . . .      Faith    .   (no shield)
rNeg    . . .      Spirit   .   a - +0 robe
rPois   .          Reflect  .   (helmet restricted)
rElec   .          Harm     .   (no cloak)
rCorr   .          Rampage  .   (gloves unavailable)
Will    .....                   (boots unavailable)
Stlth   ++........              (no amulet)
HPRegen 0.92/turn               (no ring)
MPRegen 0.08/turn               (no ring)

@: no status effects
A: large, unfitting armour, claws 3, regeneration 1, shaggy fur 1, tough skin 1
a: no special abilities


You were on level 4 of the Dungeon.
You visited 1 branch of the dungeon, and saw 2 of its levels.

Inventory:

Armour
 a - a +0 robe (worn)
Wands
 f - a wand of digging (3)
Scrolls
 b - a scroll of fog
 c - a scroll of magic mapping
 d - a scroll of fear
 g - a scroll of identify {unknown}
Potions
 e - 2 potions of haste


   Skills:
 + Level 2.6 Fighting
 + Level 1.6 Dodging
 + Level 3.2 Stealth
 + Level 2.1 Unarmed Combat


You had 2 spell levels left.
You didn't know any spells.
Your spell library was empty.

Dungeon Overview and Level Annotations

Branches:
Dungeon (5/15)
 Temple: D:4-7

Altars:

Annotations:
D:4 Ijyb


Innate Abilities, Weirdness & Mutations

You are too large for most types of armour.
You have claws for hands.
Your natural rate of healing is unusually fast.
You are covered in fur. (AC +1)
You have tough skin. (AC +1)


Message History

The quokka bites you but does no damage.
You scratch Ijyb.
Ijyb is almost dead.
The adder bites you.
You are poisoned.
The adder poisons you!
The quokka bites you but does no damage.
You scratch the hobgoblin.
The hobgoblin is severely wounded.
You feel sick. The adder bites you.
The quokka bites you but does no damage.
The hobgoblin barely misses you. Ijyb hits you with a +0 dagger.
The adder barely misses you.
You closely miss the hobgoblin.
The hobgoblin is severely wounded.
You feel sick. The quokka bites you. The adder bites you but does no damage.
The hobgoblin hits you but does no damage.
Ijyb hits you with a +0 dagger.
You scratch the hobgoblin but do no damage.
The hobgoblin is severely wounded.
You feel sick. The adder bites you. The quokka misses you.
The hobgoblin hits you. Ijyb screams, "I dance on your bones!"
Ijyb hits you but does no damage.
You closely miss the hobgoblin.
The hobgoblin is severely wounded.
You feel sick. The adder bites you but does no damage. The quokka bites you.
The hobgoblin hits you but does no damage.
Ijyb hits you with a +0 dagger.
* * * LOW HITPOINT WARNING * * *
You claw the hobgoblin!
You kill the hobgoblin!
You feel sick.
You are no longer poisoned.
The adder bites you.
* * * LOW HITPOINT WARNING * * *
The quokka bites you.
* * * LOW HITPOINT WARNING * * *
Ijyb hits you with a +0 dagger.
You die...

....###........
.............
#..........
#.......#######
#..............
#......>.......
#..............
.#####..............
.......@g...........
..$...r†S..#+#######
...............
...............
#..............
#.....#####....
#..... .... ......
...


You could see Ijyb, an adder and a quokka.

Vanquished Creatures
  A jelly (D:5)
  An orc (D:5)
  A hobgoblin (D:4)
3 creatures vanquished.

Notes
Turn   | Place    | Note
-------+----------+-------------------------------------------
     0 | D:5      | psuckher the Troll Delver began the quest for the Orb.
     0 | D:5      | Reached XP level 1. HP: 22/22 MP: 0/0
    55 | D:5      | Noticed a jelly
    73 | D:5      | Killed a jelly
    74 | D:5      | Reached skill level 3 in Stealth
    74 | D:5      | Reached XP level 2. HP: 26/29 MP: 1/1
    74 | D:5      | Reached XP level 3. HP: 33/36 MP: 2/2
    83 | D:4      | Noticed Ijyb
   102 | D:4      | Slain by Ijyb

Illustrated notes

Levels and vault maps discovered:
D:4:      layout_basic, led_sif_pool, minmay_temple_entry_glassed_door,
          corner_web_ring, minivault_26, uniq_ijyb, uniq_edmund
D:5:      layout_basic, jmf_multi_god_temple2,
          mainiacjoe_overflow_surrounded_room, chequers_serial_rivers_room_a

Skill      XL: |  1 |
---------------+----+-----
Stealth        | 3 |  3.2
Fighting       | |  2.6
Dodging        | |  1.6
Unarmed Combat | |  2.1

Action                   || total
-------------------------++-------
Melee: Unarmed           ||    15
Armor: Robe              ||    12
Dodge: Dodged            ||    11
